 Dungeon Crawl Stone Soup version 0.22-a0-447-gee5f723 (webtiles) character file.

31 Leszczynek the Charmwright (level 3, 9/21 HPs)
             Began as a Deep Elf Skald on June 3, 2018.
             Quit the game on level 3 of the Dungeon.
             The game lasted 00:04:59 (807 turns).

Leszczynek the Charmwright (Deep Elf Skald)          Turns: 807, Time: 00:05:00

Health: 9/21       AC:  3    Str:  9    XL:     3   Next: 7%
Magic:  7/9        EV: 12    Int: 17    God:
Gold:   91         SH:  0    Dex: 14    Spells: 2/8 levels left

rFire    . . .     SeeInvis .   a - +1 short sword
rCold    . . .     Gourm    .   (no shield)
rNeg     + . .     Faith    .   b - +0 leather armour
rPois    .         Spirit   .   (no helmet)
rElec    .         Reflect  .   (no cloak)
rCorr    .         Harm     .   (no gloves)
MR       .....                  (no boots)
Stlth    +.........             (no amulet)
HPRegen  0.07/turn              e - ring of positive energy
MPRegen  0.11/turn              (no ring)

@: very slightly contaminated
A: no striking features
a: no special abilities


You were on level 3 of the Dungeon.
You were not hungry.

You visited 1 branch of the dungeon, and saw 3 of its levels.

You collected 91 gold pieces.

Inventory:

Hand Weapons
 a - a +1 short sword (weapon)
Missiles
 c - 2 tomahawks (quivered)
 k - 5 javelins
Armour
 b - a +0 leather armour (worn)
Jewellery
 e - a ring of positive energy (left hand)
Scrolls
 h - a scroll of amnesia
 m - a scroll of remove curse {@r2}
Comestibles
 d - 3 rations
 f - 4 chunks of flesh


   Skills:
 - Level 2.0 Fighting
 + Level 3.0 Short Blades
 - Level 0.7 Armour
 - Level 2.4 Dodging
 - Level 3.0 Spellcasting
 * Level 0.0 Hexes
 - Level 4.4 Charms
 - Level 1.0 Translocations


You had 2 spell levels left.
You knew the following spells:

 Your Spells              Type           Power        Failure   Level  Hunger
a - Infusion              Chrm           ###.         4%          1    None
b - Shroud of Golubria    Chrm/Tloc      ##........   12%         2    ##.....
c - Spectral Weapon       Hex/Chrm       ##......     28%         3    ###....

Your spell library contained the following spells:

 Spells                   Type           Power        Failure   Level  Hunger
 Regeneration             Chrm/Necr      ##........   28%         3    ###....
 Song of Slaying          Chrm           ###.....     6%          2    ##.....


Dungeon Overview and Level Annotations

Branches:
Dungeon (3/15)

Altars:


Message History

The jackal bites you but does no damage.
The jackal barely misses you. The leopard gecko misses you.
As you read the scroll labeled ONEZ JUPEEBLO, it crumbles to dust.
It is a scroll of enchant weapon.
Your +0 short sword glows red for a moment.
The jackal bites you. The jackal barely misses you.
The leopard gecko misses you. The jackal misses you.
The jackal barely misses you.
Unknown command.
You aren't carrying any potions.
Unknown command.
The leopard gecko closely misses you. The leopard gecko bites you.
You see here a chain mail.
The leopard gecko bites you. The jackal bites you.
Found a faded altar of an unknown god.
An adder comes into view.
The adder hisses angrily.
You hear a bark! x2
Are you sure you want to abandon this character and quit the game? (Confirm with "yes".)

,*,,,*,,,,,,+.,#§g#..#,,,,,****,*
,*,,,*,,,,,,*,,#§§#.....,,,,,,,,,
,*,,,*,,,,,,*,,#§l#.......,****+*
,*,,,*,,,,,,*,,#Sg#.......,**,,,,
,*,,,*,,,,,,*,,#§o#.......,,+,,,,
,*,,,*,,,,,,*,,#hr#.)#####,**,,,,
,*,,,**+*****,,#..#..# *,**,,,,
,*,,,,,,,,,,,,,#hl#,,*****+**,,,,
,*************+#@.#,,*,,,,,,,,,,,
,,,,,,,,,.........#,,*,,,,,,,,,,,
,,,,,,,,,....S....#,,*,,,,,,,***,
********+.....#####,,+,,,,,,,***,
,,,,,,,,,..8..,,,,,,,*,,,,,,,,,*,
,,,,,,,,,.8_8,,,,,,,,,,,***,,,,*,
,,,***+**..8,,,,***,,,***********
,,,,,,,,,...,,,,,,,**,**_***,****
,,,,,,,,,,**,,,,,,,+,**,,*,*,*,*,


You could see an adder, an orc, 2 leopard geckos, 2 jackals, a hobgoblin, a ball
python and a rat.

Vanquished Creatures
  An ooze (D:1)
  A worm (D:2)
  A dart slug (D:1)
  2 giant cockroaches (D:1)
  2 goblins (D:1)
  4 hobgoblins
  4 jackals (D:2)
  3 bats (D:1)
  A frilled lizard (D:1)
  A rat (D:1)
20 creatures vanquished.

Notes
Turn   | Place    | Note
-------+----------+-------------------------------------------
     0 | D:1      | Leszczynek the Deep Elf Skald began the quest for the Orb.
     0 | D:1      | Reached XP level 1. HP: 12/12 MP: 6/6
   133 | D:3      | Ouch! That really hurt!
   133 | D:3      | HP: 1/12 [worm (11)]
   392 | D:1      | Reached skill level 2 in Fighting
   392 | D:1      | Reached XP level 2. HP: 15/17 MP: 5/8
   397 | D:1      | Learned a level 2 spell: Shroud of Golubria
   503 | D:1      | Reached skill level 1 in Translocations
   669 | D:2      | Reached skill level 3 in Short Blades
   696 | D:2      | Reached XP level 3. HP: 11/21 MP: 1/9
   749 | D:2      | Learned a level 3 spell: Spectral Weapon
   805 | D:3      | Found a faded altar of an unknown god.
   807 | D:3      | Quit the game

Vault maps used:
D:1:      dpeg_arrival_rhombi, kennysheep_nondescript, minmay_small_reverse_x
D:2:      first_ration
D:3:      minitemple, chequers_ecumenical_altar_simple, st_stairs_5

Skill      XL: |  1  2 |
---------------+-------+-----
Fighting       | 2 |  2.0
Translocations | 1 |  1.0
Short Blades   | 3 |  3.0
Armour         | |  0.7
Dodging        | |  2.4
Spellcasting   | |  3.0
Charms         | |  4.4

Action                   || total
-------------------------++-------
Melee: Short sword       ||    69
Throw: Tomahawk          ||     8
       Javelin           ||     4
 Cast: Infusion          ||     7
       Shroud of Golubri ||     4
  Use: Scroll            ||     5
 Stab: Sleeping          ||     2
Armor: Leather armour    ||    17
Dodge: Dodged            ||    61

Table legend:
 A = Spawn XP
 B = Non-spawn XP
 C = Spawn XP percentage of total XP
 D = Spawn monster count
 E = Non-spawn monster count
 F = Spawn count percentage of total count
 G = Total turns spent on level
                    A         B        C        D         E        F      G
               +---------+---------+-------+---------+---------+-------+---------
         Total |       0 |      45 |   0.0 |       0 |      20 |   0.0 |   807
               +---------+---------+-------+---------+---------+-------+---------
           D:1 |       0 |      30 |   0.0 |       0 |      14 |   0.0 |   446
           D:2 |       0 |      15 |   0.0 |       0 |       6 |   0.0 |   299
               +---------+---------+-------+---------+---------+-------+---------
